 Dungeon Crawl Stone Soup version 0.32-a0-818-gb728d02 (webtiles) character file.

Game seed: 7521189136182561153

434 ntxq the Insei (level 7, -9/46 HPs)
             Began as an Octopode Shapeshifter on Mar 24, 2024.
             Was an Initiate of Okawaru.
             Mangled by an ogre
             ... wielding a +0 giant club
              (17 damage)
             ... on level 5 of the Dungeon.
             The game lasted 00:05:30 (2773 turns).

ntxq the Insei (Octopode Shapeshifter)              Turns: 2773, Time: 00:05:31

Health: -9/46      AC:  1    Str: 13    XL:     7   Next: 0%
Magic:  7/7        EV: 13    Int: 13    God:    Okawaru [......]
Gold:   207        SH:  0    Dex: 13    Spells: 6/6 levels left

rFire   . .          .
                       - Unarmed
rCold   . . .        (no shield)
rNeg    . . .        (helmet currently unavailable)
rPois   .            (no amulet)
rElec   .            g - ring of resist corrosion
rCorr   +            k - ring of see invisible
SInv    +            (no ring)
Will    .....        (no ring)
Stlth   ++           (no ring)
HPRegen 0.27/turn    (no ring)
MPRegen 0.10/turn    (no ring)
                     (no ring)

%: no passive effects
@: beast-form
A: beast (slay +2), almost no armour, amphibious, 8 rings, camouflage 1,
gelatinous body 1, (nimble swimmer 1), tentacles
a: Begin Untransformation, Renounce Religion


You were on level 5 of the Dungeon.
You worshipped Okawaru.
Okawaru was noncommittal.
You were a hulking beast.
You visited 2 branches of the dungeon, and saw 6 of its levels.

You collected 207 gold pieces.

Inventory:

Jewellery
 f - a ring of fire
 g - a ring of resist corrosion (left tentacle)
 k - a ring of see invisible (right tentacle)
Talismans
 b - a beast talisman (active)
 c - a flux talisman
 n - a blade talisman
Scrolls
 h - 2 scrolls of fear
 m - a scroll of noise {unknown}
Potions
 a - a potion of lignification
 d - a potion of mutation
 e - 2 potions of haste {unknown}
 i - 3 potions of curing {unknown}
 j - a potion of resistance {unknown}
 l - a potion of magic {unknown}


   Skills:
 + Level 3.4 Fighting
 + Level 3.9 Dodging
 + Level 4.5 Unarmed Combat
 + Level 4.3 Shapeshifting


You had 6 spell levels left.
You didn't know any spells.
Your spell library was empty.

Dungeon Overview and Level Annotations

Branches:
Dungeon (5/15)             Temple (1/1) D:4

Altars:
Ashenzari
Cheibriados
Elyvilon
Kikubaaqudgha
Makhleb
Nemelex Xobeh
Okawaru
Sif Muna
Trog
Vehumet
Wu Jian
Yredelemnul
The Shining One


Innate Abilities, Weirdness & Mutations

You are a hulking beast.
Your limbs bulge with bestial killing power. (Slay +2)
You cannot wear most types of armour.
You are amphibious.
You can wear up to eight rings at the same time.
Your skin changes colour to match your surroundings (Stealth+).
Your rubbery body absorbs attacks. (AC +1, EV +1)
((You are camouflaged when in or above water. (Stealth+)))
You have tentacles for arms and can constrict up to eight enemies at once.


Message History

You tentacle-slap the orc but do no damage.
The orc is heavily wounded.
You constrict the orc.
You kill the orc!
Okawaru accepts your kill.
An adder comes into view.
The adder hisses angrily.
You miss the adder. You grab the adder.
You squeeze the adder, but do no damage.
You constrict the adder. The adder bites you.
You are poisoned.
The adder poisons you!
You tentacle-slap the adder but do no damage.
You squeeze the adder!
You kill the adder!
Okawaru accepts your kill.
You feel sick.
You have reached level 7!
You feel sick.
You feel sick.
You feel sick.
You feel sick.
You feel sick.
An ogre comes into view. It is wielding a +0 giant club.
You feel sick.
You are no longer poisoned.
The ogre shouts!
Things that are here:
a +0 dagger; an orc corpse
There is an open door here.
You tentacle-slap the ogre.
The ogre is lightly wounded.
The ogre hits you with a +0 giant club!!
* * * LOW HITPOINT WARNING * * *
You tentacle-slap the ogre. Your squeeze misses the ogre.
The ogre is lightly wounded.
You barely miss the ogre.
The ogre is lightly wounded.
The ogre hits you with a +0 giant club!
You die...

.'.....# #..# #.....'
#..+ #.....####+#..#
#........#..##
#.†.....#....#
#.......'....#
#.......#..###
##.......#)#######
..........Oh.......#
...........#.......#
............#####..##
..........#######..#
..........#..<.....#
####.....#..†.....#
#.....#<.......#
#.....#........# #...
#........#


You could see an ogre.

Vanquished Creatures
  An ogre (D:4)
  A scorpion (D:5)
  A howler monkey (D:4)
  A hound (D:5)
  2 jellies
  A sleepcap (D:4)
  2 gnolls (D:4)
  5 adders
  3 dart slugs
  A ribbon worm (D:2)
  5 orcs
  6 bats
  3 endoplasms
  7 giant cockroaches
  5 goblins
  3 hobgoblins
  2 jackals (D:4)
  4 kobolds
  6 quokkas
  6 ball pythons
  3 frilled lizards
  2 rats
70 creatures vanquished.

Notes
Turn   | Place    | Note
-------+----------+-------------------------------------------
     0 | D:1      | ntxq the Octopode Shapeshifter began the quest for the Orb.
     0 | D:1      | Reached XP level 1. HP: 13/13 MP: 1/1
    75 | D:1      | Reached XP level 2. HP: 14/18 MP: 2/2
   291 | D:1      | Reached XP level 3. HP: 23/23 MP: 3/3
   364 | D:1      | Found a faded altar of an unknown god.
   872 | D:2      | Reached XP level 4. HP: 20/29 MP: 4/4
  1811 | D:4      | Reached XP level 5. HP: 33/35 MP: 5/5
  1910 | D:4      | Found a staircase to the Ecumenical Temple.
  1910 | D:4      | Noticed an ogre
  2616 | D:4      | Killed an ogre
  2617 | D:4      | Reached XP level 6. HP: 42/42 MP: 6/6
  2637 | Temple   | Entered the Ecumenical Temple
  2651 | Temple   | Became a worshipper of Warmaster Okawaru
  2675 | D:5      | Entered Level 5 of the Dungeon
  2759 | D:5      | Reached XP level 7. HP: 30/46 MP: 7/7
  2773 | D:5      | Mangled by an ogre

Illustrated notes

Levels and vault maps discovered:
D:1:      scummos_arrival_simple_crosswalls, layout_rooms,
          shapermc_ecumenical_altar_pompeii
D:2:      layout_loops_cross
D:3:      layout_basic, minmay_misc_feat_diagonals, roderic_lattice_a
D:4:      layout_loops_ring, minmay_temple_entry_crystal_x
D:5:      layout_gridville, mainiacjoe_overflow_alcove_4, kennysheep_mini,
          serial_shops, shop, kb_lookout_dungeons_type,
          eino_small_chamber_without_monster
Temple:   compressed_dpeg_triangle_lava_temple

Skill      XL: |  1  2  3  4  5 |
---------------+----------------+-----
Fighting       | 2 3 |  3.4
Dodging        | 3 |  3.9
Unarmed Combat | 4 |  4.5
Shapeshifting  | 4 |  4.3

Action                     |  1- 3 |  4- 6 |  7- 9 || total
---------------------------+-------+-------+-------++-------
  Melee: Unarmed           |    57 |    70 |     3 ||   130
         Tentacles         |     9 |    21 |       ||    30
         Constrict         |    18 |    22 |       ||    40
         Punch             |     2 |     2 |       ||     4
    Use: Scroll            |       |     4 |       ||     4
   Stab: Sleeping          |     3 |     6 |       ||     9
 Armour: Skin              |    28 |    18 |     2 ||    48
  Dodge: Dodged            |    24 |    32 |       ||    56

Table legend: (Time is in decaauts)
 A = Elapsed time spent in this place.
 B = Non-inter-level travel time spent in this place.
 C = Inter-level travel time spent in this place.
 D = Time resting spent in this place.
 E = Time spent auto-exploring this place.
 F = Levels seen in this place.
 G = Mean time per level.
                   A        B        C        D        E       F      G
               +--------+--------+--------+--------+--------+-----+--------+
         Total |   2762 |   2666 |     96 |      0 |   2200 |   6 |  460.3 |
       Dungeon |   2739 |   2651 |     88 |      0 |   2200 |   5 |  547.8 |
        Temple |     23 |     15 |      8 |      0 |      0 |   1 |   23.0 |
               +--------+--------+--------+--------+--------+-----+--------+

Top non-repeatable levels by time:
     D:4: 873 daAuts
     D:2: 737 daAuts
     D:3: 556 daAuts
     D:1: 474 daAuts
     D:5: 96 daAuts
  Temple: 23 daAuts
